 Dungeon Crawl Stone Soup version 0.29.1-2-gbd0b4ee654 (webtiles) character file.

Game seed: 7169330783368977665

82 Sabo the Trooper (level 4, -2/37 HPs)
             Began as a Demonspawn Fighter on Nov 24, 2022.
             Was a Follower of Okawaru.
             Slain by a hobgoblin (3 damage)
             ... led by Robin
             ... on level 2 of the Dungeon.
             The game lasted 00:09:17 (1623 turns).

Sabo the Trooper (Demonspawn Fighter)               Turns: 1623, Time: 00:09:19

Health: -2/37      AC:  7    Str: 19    XL:     4   Next: 21%
Magic:  4/4        EV:  9    Int:  9    God:    Okawaru [*.....]
Gold:   134        SH:  0    Dex: 12    Spells: 3/3 levels left

rFire   . . .      SeeInvis .   a - +0 war axe
rCold   . . .      Faith    .   (no shield)
rNeg    . . .      Spirit   .   g - +1 scale mail {rPois}
rPois   +          Reflect  .   (no helmet)
rElec   .          Harm     .   (no cloak)
rCorr   .          Rampage  .   (no gloves)
Will    .....                   (no boots)
Stlth   ..........              (no amulet)
HPRegen 0.12/turn               (no ring)
MPRegen 0.09/turn               (no ring)

@: mighty
A: hooves 1
a: Renounce Religion, Heroism


You were on level 2 of the Dungeon.
You worshipped Okawaru.
Okawaru was aware of your devotion.
You visited 1 branch of the dungeon, and saw 2 of its levels.

You collected 134 gold pieces.

Inventory:

Hand Weapons
 a - a +0 war axe (weapon)
 n - a +0 shortbow
Missiles
 b - 7 poisoned darts (quivered)
Armour
 c - a +0 buckler
 g - a +1 scale mail of poison resistance (worn)
Scrolls
 i - a scroll of magic mapping {unknown}
 j - a scroll of identify {unknown}
 l - a scroll of butterflies {unknown}
 m - a scroll of teleportation {unknown}
 o - a scroll of noise {unknown}
Potions
 e - 2 potions of mutation {unknown}
 f - 2 potions of cancellation {unknown}
 h - 2 potions of attraction {unknown}
 k - a potion of berserk rage {unknown}


   Skills:
 + Level 3.6 Fighting
 + Level 2.5 Axes
 + Level 0.3 Ranged Weapons
 + Level 3.2 Armour
 + Level 3.1 Shields


You had 3 spell levels left.
You didn't know any spells.
Your spell library contained the following spells:

 Spells                   Type           Power      Damage    Failure   Level
 Apportation              Tloc           0%         N/A       75%         1
 Necrotise                Necr           0%         1d4       75%         1
 Summon Small Mammal      Summ           Unusable   N/A       N/A         1

Dungeon Overview and Level Annotations

Branches:
Dungeon (2/15)

Altars:
Okawaru

Shops:
D:2 [


Innate Abilities, Weirdness & Mutations

You have large cloven feet.


Message History

You hit the goblin.
You kill the goblin!
Okawaru accepts your kill.
You slash the goblin!
You kill the goblin!
Okawaru accepts your kill. Robin barely misses you.
You have reached level 4!
You feel stronger.
You hit Robin. You kick Robin.
You kill Robin!
Okawaru accepts your kill.
You hit the hobgoblin.
The hobgoblin is almost dead.
The hobgoblin hits you.
You slash the hobgoblin!
You kill the hobgoblin!
Okawaru accepts your kill.
You barely miss the hobgoblin.
The goblin no longer looks unusually strong.
The hobgoblin hits you.
* * * LOW HITPOINT WARNING * * *
You hit the hobgoblin but do no damage.
The goblin no longer looks unusually strong.
The hobgoblin hits you.
* * * LOW HITPOINT WARNING * * *
The goblin barely misses you.
Unknown command.
You slash the goblin!
You kill the goblin!
Okawaru accepts your kill.
You hit the hobgoblin. The hobgoblin closely misses you.
The hobgoblin barely misses you.
You barely miss the goblin. You kick the goblin.
You kill the goblin!
Okawaru accepts your kill.
You closely miss the hobgoblin.
The goblin no longer looks unusually strong.
The hobgoblin hits you.
You die...

#.....# #.....# #.....#
.# ####### +.....# .#
#.>...# .# #.....# .#
### #.....# .#
..#######.....###.#
#.............##..#.#.#.
##.............)@)......
######...~~..†.gg...~..
≈≈≈≈≈≈≈≈≈P~PP..~~.~~P~
≈≈≈≈≈≈≈≈≈≈≈≈≈~≈P~~~≈≈≈
##≈≈≈~~~(≈≈≈≈≈≈≈≈~~~≈≈
###....≈.~~~~~~~~~≈~≈
.~~...~....~~.~$!~~~
...................~
..###.)......>


You could see a hobgoblin (strong) and a goblin.

Vanquished Creatures
  Robin (D:2)
  An adder (D:2)
  A worm (D:2)
  A dart slug (D:2)
  7 ball pythons
  3 endoplasms
  A giant cockroach (D:2)
  9 goblins (D:2)
  8 hobgoblins
  4 jackals (D:2)
  4 kobolds
  3 quokkas (D:1)
  3 bats (D:1)
  A frilled lizard (D:1)
  4 rats
51 creatures vanquished.

Vanquished Creatures (others)
  2 fungi (D:1)
  6 plants (D:2)
  4 toadstools (D:1)
12 creatures vanquished.

Grand Total: 63 creatures vanquished

Notes
Turn   | Place    | Note
-------+----------+-------------------------------------------
     0 | D:1      | Sabo the Demonspawn Fighter began the quest for the Orb.
     0 | D:1      | Reached XP level 1. HP: 18/18 MP: 1/1
   396 | D:1      | Found a faded altar of an unknown god.
   417 | D:1      | Prayed at the altar of an unknown god.
   417 | D:1      | Became a worshipper of Warmaster Okawaru
   417 | D:1      | Reached * piety under Okawaru
   524 | D:1      | Gained mutation: You have large cloven feet. [demonic
                  | ancestry]
   524 | D:1      | Reached XP level 2. HP: 21/24 MP: 2/2
  1135 | D:2      | Reached XP level 3. HP: 23/29 MP: 3/3
  1522 | D:2      | Found Hoejudw Qiem's Antique Armour Shoppe.
  1607 | D:2      | Noticed Robin
  1618 | D:2      | Reached XP level 4. HP: 12/35 MP: 4/4
  1618 | D:2      | Killed Robin
  1621 | D:2      | HP: 1/37 [hobgoblin[Robin] (5)]
  1623 | D:2      | Slain by a hobgoblin

Illustrated notes

Levels and vault maps discovered:
D:1:      nicolae_arrival_somewhat_less_tricky_arrival, layout_rooms,
          shapermc_ecumenical_altar_ellora, minmay_gold_behind_fungi,
          minmay_pentomino_u2
D:2:      layout_basic, serial_shops, nicolae_shop_behind_doors,
          chequers_big_river, serial_bayou_ford_a, uniq_robin

Skill      XL: |  1  2 |
---------------+-------+-----
Axes           | 2 |  2.5
Shields        | 3 |  3.1
Armour         | 3 |  3.2
Fighting       | |  3.6
Ranged Weapons | |  0.3

Action                   |  1- 3 |  4- 6 || total
-------------------------+-------+-------++-------
Melee: War axe           |    88 |     6 ||    94
       Kick              |    15 |     2 ||    17
 Fire: Shortbow          |     9 |       ||     9
Throw: Dart              |     2 |       ||     2
  Use: Potion            |     1 |       ||     1
Armor: Scale mail        |    53 |       ||    53
Dodge: Dodged            |    42 |     3 ||    45
Block: Buckler           |    28 |       ||    28
